 Dungeon Crawl Stone Soup version 0.25-a0-1056-g2efb326896 (webtiles) character file.

Game seed: 11814492598265020849, levelgen mode: deterministic

2944 kae the Frost Mage (level 9, 0/85 HPs)
             Began as a Merfolk Ice Elementalist on May 13, 2020.
             Was a Believer of Makhleb.
             Slain by an orc (2 damage)
             ... on level 8 of the Dungeon.
             The game lasted 00:11:33 (10653 turns).

kae the Frost Mage (Merfolk Ice Elementalist)      Turns: 10653, Time: 00:11:34

Health: 0/85       AC: 24    Str: 11    XL:     9   Next: 80%
Magic:  26/26      EV:  2    Int: 14    God:    Makhleb [**....]
Gold:   257        SH: 14    Dex: 15    Spells: 15/19 levels left

rFire    . . .     SeeInvis .   u - +3 trident (freeze)
rCold    . . .     Gourm    .   f - +5 kite shield
rNeg     + + +     Faith    .   (armour currently unavailable)
rPois    +         Spirit   .   (helmet currently unavailable)
rElec    .         Reflect  .   (cloak currently unavailable)
rCorr    .         Harm     .   (gloves currently unavailable)
MR       .....     NoTele   +   (boots currently unavailable)
Stlth    ++........             (no amulet)
HPRegen  0.24/turn              o - ring of magical power
MPRegen  0.20/turn              (no ring)

@: lethally poisoned (0 -> -2), tree-form, berserk cooldown, hasted and slowed
A: (change form in water), (swift swim), (stealthy swim)
a: Minor Destruction, Renounce Religion


You were on level 8 of the Dungeon.
You worshipped Makhleb.
Makhleb was pleased with you.
You were not hungry.
You were a tree.
You visited 2 branches of the dungeon, and saw 9 of its levels.

You collected 374 gold pieces.
You spent 117 gold pieces at shops.

Inventory:

Hand Weapons
 a - a +2 whip of flaming
 b - a +0 halberd
 u - a +3 trident of freezing (weapon)
 y - a +0 glaive
Armour
 f - a +5 kite shield (worn)
 h - a +0 robe (melded)
 m - the +0 pair of boots of Qonwusei (melded) {-Tele Regen+ SInv}
   (You acquired it on level 6 of the Dungeon)

   It lets you see invisible.
   It prevents most forms of teleportation.
   It increases your rate of regeneration.
Jewellery
 o - a ring of magical power (left branch)
 t - an uncursed ring of see invisible {unknown}
Wands
 g - a wand of polymorph (2)
Scrolls
 i - 6 scrolls of teleportation
 n - a scroll of enchant weapon
 q - a scroll of random uselessness {unknown}
 r - 2 scrolls of identify
 s - 2 scrolls of magic mapping {unknown}
 w - 2 scrolls of remove curse {unknown}
Potions
 d - 2 potions of invisibility
 e - a potion of curing
 j - a potion of mutation
 k - a potion of cancellation {unknown}
 l - a potion of lignification
 x - a potion of berserk rage
 z - a potion of brilliance {unknown}
 A - 2 potions of experience {unknown}
 B - a potion of degeneration {unknown}
Comestibles
 c - 8 rations
 p - 2 chunks of flesh


   Skills:
 + Level 6.9 Polearms
 - Level 2.6 Dodging
 - Level 2.1 Stealth
 + Level 5.4 Shields
 + Level 5.6 Spellcasting
 * Level 10.1 Ice Magic
 + Level 4.0 Invocations


You had 15 spell levels left.
You knew the following spells:

 Your Spells              Type           Power        Failure   Level  Hunger
a - Freeze                Ice            ####         1%          1    None
b - Frozen Ramparts       Ice            ####..       2%          3    ###....

Your spell library contained the following spells:

 Spells                   Type           Power        Failure   Level  Hunger
 Ozocubu's Armour         Chrm/Ice       ###.....     21%         3    ###....
 Hailstorm                Conj/Ice       ###.....     56%         4    ####...
 Summon Ice Beast         Ice/Summ       ###.....     56%         4    ####...


Dungeon Overview and Level Annotations

Branches:
Dungeon (8/15)             Temple (1/1) D:6
   Lair: D:8-11

Altars:
Ashenzari
Cheibriados
Dithmenos
Elyvilon
Fedhas
Gozag
Kikubaaqudgha
Makhleb
Nemelex Xobeh
Okawaru
Qazlal
Ru
Sif Muna
Trog
Uskayaw
Vehumet
Wu Jian
Xom
Yredelemnul
Zin

Shops:
D:4 %   D:5 (

Annotations:
D:3 Grinder
D:6 exclusion: phantom
D:7 Maggie


Message History

You block the orc's attack.
The killer bee stings you but does no damage. x2
You puncture the killer bee! You freeze the killer bee.
You kill the killer bee!
Makhleb accepts your kill.
You feel better.
You feel sick. You block the killer bee's attack. The killer bee stings you.
* * * LOW HITPOINT WARNING * * *
The quokka bites you but does no damage.
The orc hits you but does no damage. You block the orc's attack.
You barely miss the killer bee.
You are no longer berserk.
You are exhausted.
You feel yourself slow down.
The killer bee stings you but does no damage.
You block the killer bee's attack. You block the quokka's attack.
The killer bee completely misses you.
The killer bee stings you but does no damage.
The orc hits you.
You die...

##.##.#
#..÷)..#.............
#.....#
##)#.................
#...###))##................
###.)).##)#...).............
#....)...)..........#......
.....................##.....
..........)............##..
...............o)....#.
...#.......>...o♣yy=.#
...#...........yor..#..#
............#...y..##
...................
...........####..... ......#
##..... ....# ..... .# #..#.


You could see 4 killer bees, 3 orcs and a quokka.

Vanquished Creatures
  Edmund (D:4)
  An ice beast (D:7)
  2 sky beasts (D:7)
  4 orc warriors
  A swamp drake (D:5)
  2 centaurs
  An ogre (D:6)
  A big kobold (D:8)
  Blork the orc (D:4)
  2 bullfrogs
  A water moccasin skeleton (D:7)
  2 scorpions
  5 killer bees (D:8)
  2 howler monkeys
  3 crimson imps
  3 hounds
  A jelly (D:5)
  7 orc wizards
  5 orc priests
  3 iguanas
  2 worker ants
  A hound zombie (D:5)
  2 hound skeletons
  14 gnolls
  11 adders
  A howler monkey skeleton (D:4)
  2 shadow imps
  An ooze (D:6)
  An adder skeleton (D:6)
  2 worms
  3 dart slugs
  7 leopard geckos
  34 orcs
  2 ball pythons
  11 bats
  7 giant cockroaches
  6 goblins
  7 hobgoblins
  2 jackals (D:7)
  A quokka (D:2)
  12 frilled lizards
  A giant cockroach zombie (D:5)
  8 kobolds
  A quokka zombie (D:5)
  5 rats
192 creatures vanquished.

Notes
Turn   | Place    | Note
-------+----------+-------------------------------------------
     0 | D:1      | kae the Merfolk Ice Elementalist began the quest for the
                  | Orb.
     0 | D:1      | Reached XP level 1. HP: 13/13 MP: 3/3
   162 | D:1      | Reached XP level 2. HP: 19/19 MP: 0/5
   552 | D:1      | Reached skill level 5 in Ice Magic
   820 | D:1      | Reached XP level 3. HP: 24/24 MP: 6/6
  2187 | D:2      | Reached XP level 4. HP: 30/30 MP: 3/8
  2278 | D:2      | Reached skill level 1 in Shields
  2803 | D:2      | Learned a level 3 spell: Frozen Ramparts
  3364 | D:3      | Reached XP level 5. HP: 35/35 MP: 9/9
  3581 | D:3      | Reached skill level 6 in Ice Magic
  4186 | D:3      | Noticed Grinder
  4405 | D:3      | Reached XP level 6. HP: 40/41 MP: 10/10
  4933 | D:4      | Reached skill level 1 in Polearms
  5076 | D:4      | Noticed Blork the orc
  5100 | D:4      | Killed Blork the orc
  5100 | D:4      | Reached skill level 7 in Ice Magic
  5259 | D:4      | Reached XP level 7. HP: 46/46 MP: 12/12
  5356 | D:4      | Found an ornate altar of the Wu Jian Council.
  5401 | D:4      | Noticed Edmund
  5415 | D:4      | Killed Edmund
  5616 | D:4      | Found Vinase's Food Boutique.
  5662 | D:4      | Found the +8 Wrath of Trog {antimagic, *Rage}
  5888 | D:5      | Entered Level 5 of the Dungeon
  7060 | D:5      | Found Diyfad's Antique Weapon Boutique.
  7063 | D:5      | Bought a glowing trident for 117 gold pieces
  7263 | D:6      | Reached XP level 8. HP: 41/52 MP: 14/14
  7287 | D:6      | Reached skill level 8 in Ice Magic
  7399 | D:6      | Found a staircase to the Ecumenical Temple.
  7434 | Temple   | Entered the Ecumenical Temple
  7689 | Temple   | Became a worshipper of Makhleb the Destroyer
  7795 | D:6      | Reached skill level 1 in Invocations
  8069 | D:6      | You fall into a shaft and drop 1 floor!
  8219 | D:7      | Reached skill level 5 in Polearms
  8608 | D:7      | Reached skill level 9 in Ice Magic
  8665 | D:7      | Found an iron altar of Okawaru.
  8687 | D:7      | Reached XP level 9. HP: 44/57 MP: 16/16
  8759 | D:7      | Reached * piety under Makhleb
  8759 | D:7      | Reached skill level 5 in Spellcasting
  8766 | D:7      | Noticed Maggie
  9802 | D:6      | Found an opulent altar of Gozag.
 10029 | D:6      | Found a basalt altar of Yredelemnul.
 10051 | D:6      | Found a sparkling altar of Nemelex Xobeh.
 10054 | D:6      | Found a white marble altar of Elyvilon.
 10057 | D:6      | Found a shimmering blue altar of Sif Muna.
 10084 | D:6      | Found a bloodstained altar of Trog.
 10086 | D:6      | Found a shadowy altar of Dithmenos.
 10092 | D:6      | Found a glowing silver altar of Zin.
 10138 | D:6      | Reached skill level 5 in Shields
 10353 | D:6      | Identified a scroll of acquirement
 10353 | D:6      | Identified the +0 pair of boots of Qonwusei {-Tele Regen+
                  | SInv} (You acquired it on level 6 of the Dungeon)
 10535 | D:8      | Reached ** piety under Makhleb
 10554 | D:8      | Reached skill level 10 in Ice Magic
 10650 | D:8      | HP: 5/127 [killer bee (3)]
 10653 | D:8      | Slain by an orc

Illustrated notes

Levels and vault maps discovered:
D:1:      dpeg_arrival_signposts, layout_basic
D:2:      layout_loops_corners, solitary_fountain, minmay_distorted
D:3:      layout_loops_ring, first_ration, uniq_grinder
D:4:      layout_loops_ring, lemuel_doored_altar, serial_shops, shop,
          uniq_edmund, uniq_blork_the_orc
D:5:      layout_basic, serial_shops, kennysheep_mini_moat
D:6:      layout_basic, minitemple, nicolae_gozag_seed_capital,
          grunt_temple_overflow_cloverleaf, temple_doors_e
D:7:      layout_basic, nicolae_tso_carved_into_rock,
          nicolae_overflow_hidden_temple, uniq_maggie
D:8:      layout_cave_pools, serial_glass, glass_columns_c, glass_columns_a,
          special_room [special_room_orc], david_nohive_1, serial_bayou_ford_a
Temple:   jpeg_temple_alley_garden

Skill      XL: |  1  2  3  4  5  6  7  8  9 |
---------------+----------------------------+-----
Ice Magic      | 5 6 7 9 10 | 10.1
Shields        | 1 2 3 4 5 |  5.4
Spellcasting   | 3 4 5 |  5.6
Polearms       | 1 3 5 6 |  6.9
Invocations    | 2 4 |  4.0
Dodging        | |  2.6
Stealth        | |  2.1

Action                   |  1- 3 |  4- 6 |  7- 9 || total
-------------------------+-------+-------+-------++-------
Melee: Unarmed           |     1 |     3 |       ||     4
       Short sword       |    40 |       |       ||    40
       Whip              |       |    42 |    26 ||    68
       Trident           |       |       |   159 ||   159
 Cast: Freeze            |    41 |    71 |   109 ||   221
       Frozen Ramparts   |       |       |    12 ||    12
Evoke: Wand              |       |     9 |     1 ||    10
  Use: Scroll            |     4 |    10 |     3 ||    17
       Potion            |       |     1 |     5 ||     6
 Stab: Sleeping          |     4 |     3 |     8 ||    15
       Distracted        |       |       |     2 ||     2
  Eat: Chunk             |     4 |     7 |    11 ||    22
       Ration            |       |     1 |     2 ||     3
Armor: Robe              |    15 |     7 |    11 ||    33
       Skin              |       |       |    89 ||    89
Dodge: Dodged            |    31 |    48 |    76 ||   155
Block: Kite shield       |    23 |    58 |   207 ||   288

Table legend:
 A = Non-vault XP
 B = Vault XP
 C = Vault XP percentage of total XP
 D = Non-vault monster count
 E = Vault monster count
 F = Vault count percentage of total count
                 A         B        C        D         E       F
            +---------+---------+-------+---------+---------+-------
      Total |    3429 |     778 |  18.5 |     164 |      28 |  14.6
            +---------+---------+-------+---------+---------+-------
        D:1 |      40 |       0 |   0.0 |      23 |       0 |   0.0
        D:2 |      74 |       2 |   2.6 |      20 |       2 |   9.1
        D:3 |     317 |       0 |   0.0 |      36 |       0 |   0.0
        D:4 |     151 |     248 |  62.2 |       7 |       2 |  22.2
        D:5 |     322 |       0 |   0.0 |      14 |       0 |   0.0
        D:6 |    1079 |       0 |   0.0 |      32 |       0 |   0.0
        D:7 |    1066 |       0 |   0.0 |      23 |       0 |   0.0
        D:8 |     380 |     528 |  58.1 |       9 |      24 |  72.7
            +---------+---------+-------+---------+---------+-------
